 Dungeon Crawl Stone Soup version 0.26.1-2-gb8aa6d0cf2 (webtiles) character file.

Game seed: 12896272200088685332

135 BOMJPIETVODKU the Skirmisher (level 4, -7/37 HPs)
             Began as a Demonspawn Fighter on Feb 10, 2021.
             Was a Follower of Yredelemnul.
             Killed by nerve-wracking pain
             ... invoked by an orc priest
              (10 damage)
             ... on level 4 of the Dungeon.
             The game lasted 00:08:16 (3024 turns).

BOMJPIETVODKU the Skirmisher (Demonspawn Fighter)   Turns: 3024, Time: 00:08:16

Health: -7/37      AC: 10    Str: 17    XL:     4   Next: 97%
Magic:  4/4        EV:  7    Int:  9    God:    Yredelemnul [*.....]
Gold:   93         SH:  9    Dex: 13    Spells: 3/3 levels left

rFire    . . .     SeeInvis .   a - +0 long sword
rCold    . . .     Faith    .   c - +0 kite shield
rNeg     . . .     Spirit   .   b - +0 scale mail
rPois    .         Reflect  .   e - +2 helmet
rElec    .         Harm     .   (no cloak)
rCorr    .         Rampage  .   (no gloves)
Will     .....                  (no boots)
Stlth    ..........             (no amulet)
HPRegen  0.12/turn              y - ring of wizardry
MPRegen  0.09/turn              (no ring)

@: no status effects
A: talons 1, powered by pain 1, spiny 1
a: Renounce Religion, Animate Remains


You were on level 4 of the Dungeon.
You worshipped Yredelemnul.
Yredelemnul was aware of your devotion.
You visited 1 branch of the dungeon, and saw 4 of its levels.

You collected 93 gold pieces.

Inventory:

Hand Weapons
 a - a +0 long sword (weapon)
Armour
 b - a +0 scale mail (worn)
 c - a +0 kite shield (worn)
 e - a +2 helmet (worn)
 r - a +0 tower shield
 v - a +0 pair of boots
Jewellery
 p - an uncursed ring of stealth
 y - a ring of wizardry (left hand)
Wands
 x - a wand of random effects (24)
Scrolls
 f - a scroll of immolation {unknown}
 h - 3 scrolls of remove curse
 i - a scroll of magic mapping {unknown}
 k - a scroll of amnesia {unknown}
 l - a scroll of enchant weapon {unknown}
 n - a scroll of blinking {unknown}
 o - a scroll of random uselessness {unknown}
 s - 5 scrolls of identify {unknown}
Potions
 d - a potion of might
 g - a potion of haste {unknown}
 j - a potion of invisibility {unknown}
 m - a potion of heal wounds {unknown}
 q - 2 potions of lignification {unknown}
 t - a potion of resistance {unknown}
 u - 2 potions of flight {unknown}


   Skills:
 * Level 3.8 Fighting
 + Level 2.8 Long Blades
 + Level 3.3 Armour
 + Level 0.3 Dodging
 + Level 3.3 Shields
 * Level 0.7 Unarmed Combat


You had 3 spell levels left.
You didn't know any spells.
Your spell library was empty.

Dungeon Overview and Level Annotations

Branches:
Dungeon (4/15)
 Temple: D:4-7

Altars:
Sif Muna
Uskayaw
Xom
Yredelemnul


Innate Abilities, Weirdness & Mutations

You have sharp toenails.
You sometimes gain a little power by taking damage.
You are partially covered in sharp spines.


Message History

You block the orc priest's attack. The orc hits you with a +0 short sword.
* * * LOW HITPOINT WARNING * * *
You block the jackal's attack.
The leopard gecko is struck by your spines.
The leopard gecko bites you but does no damage.
The orc priest is struck by your spines.
The orc priest hits you with a +0 morningstar.
* * * LOW HITPOINT WARNING * * *
The orc priest barely misses you. You block the orc's attack.
The jackal is struck by your spines.
You kill the jackal!
Yredelemnul accepts your kill.
You attempt to give life to the dead...
There are no remains here to animate!
Unknown command.
The jackal bites you but does no damage.
The leopard gecko barely misses you.
The orc priest calls down the wrath of Beogh upon you.
Pain shoots through your body!
You die...
Your body rises from the dead as a mindless zombie.

...... ...... # #.
......##. #.# ##...
......... #.##......
........# #.#.......
.......!####.........
.......oo....##.#..#. #
#.loo###..#..)...
#...#@h##.......##
..###.###............#
...........#....≈#######
..#..#.$.##.#...≈........
..#..............≈.≈.≈.≈.
................≈..(.....
.................≈#######
......./..............
..<......†.........###


You could see 2 orc priests, 2 orcs, a leopard gecko and a jackal.

Vanquished Creatures
  A bullfrog skeleton (D:4)
  3 adders
  An ooze (D:1)
  2 worms (D:2)
  3 dart slugs
  A leopard gecko (D:3)
  4 giant cockroaches
  8 goblins
  A hobgoblin (D:1)
  10 jackals
  6 kobolds
  2 quokkas
  2 ball pythons
  8 bats
  3 frilled lizards
  8 rats
63 creatures vanquished.

Notes
Turn   | Place    | Note
-------+----------+-------------------------------------------
     0 | D:1      | BOMJPIETVODKU the Demonspawn Fighter began the quest for
                  | the Orb.
     0 | D:1      | Reached XP level 1. HP: 18/18 MP: 1/1
   191 | D:1      | Gained mutation: You sometimes gain a little power by
                  | taking damage. [demonic ancestry]
   191 | D:1      | Reached XP level 2. HP: 23/24 MP: 2/2
   763 | D:1      | Gained mutation: You have sharp toenails. [demonic
                  | ancestry]
   763 | D:1      | Reached XP level 3. HP: 29/29 MP: 3/3
  1806 | D:2      | Gained mutation: You are partially covered in sharp spines.
                  | [demonic ancestry]
  1806 | D:2      | Reached XP level 4. HP: 34/35 MP: 4/4
  2017 | D:2      | Found a hide-covered altar of Uskayaw.
  2237 | D:2      | Found a faded altar of an unknown god.
  2242 | D:2      | Became a worshipper of Yredelemnul the Dark
  2242 | D:2      | Reached * piety under Yredelemnul
  2444 | D:2      | Found a shimmering blue altar of Sif Muna.
  2566 | D:3      | Found a shimmering altar of Xom.
  3024 | D:4      | Killed from afar by an orc priest

Illustrated notes

Levels and vault maps discovered:
D:1:      dpeg_arrival_houses_and_road, layout_basic
D:2:      layout_basic, lemuel_round_altar, chequers_ecumenical_altar_grove,
          lemuel_blue_sif_altar
D:3:      layout_loops_ring, marbit_many_paths, tgw_trog
D:4:      layout_rooms, nicolae_qazlal_general_emergency,
          nicolae_ru_path_of_blood

Skill      XL: |  1  2 |
---------------+-------+-----
Armour         | 3 |  3.3
Long Blades    | 2 |  2.8
Shields        | 3 |  3.3
Fighting       | |  3.8
Dodging        | |  0.3
Unarmed Combat | |  0.7

Action                   |  1- 3 |  4- 6 || total
-------------------------+-------+-------++-------
Melee: Long sword        |   127 |    31 ||   158
       Kick              |    11 |     5 ||    16
       Staff             |       |     4 ||     4
  Use: Scroll            |     1 |       ||     1
Armor: Scale mail        |   113 |    48 ||   161
Dodge: Dodged            |    52 |    22 ||    74
Block: Kite shield       |    86 |    45 ||   131
       Rpst.: Long sword |    17 |     3 ||    20
